cohdb
Replays
Latest Replays
All Replays
Popular Replays
Top Player Replays
Match Explorer
How It Works
Community
CoH3 Stats
Reddit
Sign in to upload your games and track your stats! →
Sign in with Steam
Match 45544487
Unlisted
Match 45544487
Overview
Messages
Build Orders
End
Kradschützen Motorcycle Team
Panzergrenadier Squad
Panzergrenadier Squad
Construct Light Support Kompanie
Assault Grenadier Squad
Assault Grenadier Squad
Panzerjäger Mechanized Group
2.5-tonne Medical Truck
Fire Support Elements
Construct Panzerarmee Kommand
Assault Grenadier Squad
Armored Reserves
Panzer IV Assault Group
MG34 Team
Tiger Heavy Tank
MG34 Team
MG34 Team
Vehicle Survival Package
Tiger Heavy Tank
MG34 Team
Nico-Nico-Nii~~
PAX AJAX
0
0
Comments
sign in to comment!
No comments posted yet!